AoeStats
← Myper

Glade

510838789Analyzed
1v1 RM · 14h ago on Oct 2, 2026· 39m 28s· 2 players
Game mode
Random Map
Map size
Tiny (2 player)
Population
200
Speed
Normal
Resources
Standard
Victory
Conquest
Starting age
Dark Age
Ending age
Imperial Age
RankedLock teamsTeams togetherTeam positionsShared explorationLock speedFull tech treeHidden civsTurbo modeCheats
Victory
Defeat
🇷🇺 Cumans · Russia
662
+17
🇳🇱 Mongols · Netherlands
687
-17
danilka_volkov
8:26 Loom
11:39 Feudal Age
13:22 Double-Bit Axe
14:46 Horse Collar
17:09 Man-at-Arms
22:32 Forging
22:51 Arson
24:11 Bloodlines
24:13 Gold Mining
24:14 Stone Mining
27:28 Castle Age
26:23 Town Watch
27:14 Wheelbarrow
29:36 Hand Cart
30:39 Light Cavalry
31:29 Scale Barding Armor
31:26 Scale Mail Armor
32:19 Capped Ram
33:55 Town Patrol
33:50 Long Swordsman
39:13 Bow Saw
39:44 Gold Shaft Mining
Myper
0:26 Loom
11:28 Feudal Age
12:03 Double-Bit Axe
12:00 Horse Collar
13:51 Stone Mining
19:21 Wheelbarrow
18:43 Gold Mining
19:54 Arson
26:25 Castle Age
26:26 Scale Barding Armor
37:34 Husbandry
Connection lost

Rejoining the realm…

Still unreachable

The connection could not be restored.

Session expired

The server has moved on; the page needs a fresh start.